 Dungeon Crawl Stone Soup version 0.17.0-24-gcfadda4 (console) character file.

73 gw the Bolt Thrower (level 4, 0/40 HPs)
             Began as a Deep Dwarf Hunter on Nov 15, 2015.
             Slain by Whaleporn's ghost (6 damage)
             ... on level 3 of the Dungeon.
             The game lasted 00:01:59 (1911 turns).

gw the Bolt Thrower (Deep Dwarf Hunter)             Turns: 1911, Time: 00:01:59

Health: 0/40       AC:  6    Str: 16    XL:     4   Next: 8%
Magic:  5/5        EV: 10    Int: 11    God:
Gold:   80         SH:  0    Dex: 14    Spells: 0 memorised, 3 levels left

rFire  . . .     SeeInvis .     b - +0 hand axe
rCold  . . .     Clarity  .     d - +0 scale mail
rNeg   . . .     SustAt   .     (no shield)
rPois  .         Gourm    .     (no helmet)
rElec  .         Spirit   .     (no cloak)
rCorr  .         Warding  .     (no gloves)
rMut   .         Stasis   .     (no boots)
MR     .....                    m - amulet of inaccuracy (curse)
Stlth  ..........               (no ring)
                                (no ring)

@: non-regenerating, not resistant to hostile enchantments, extremely unstealthy
A: damage resistance, recharge devices, sense surroundings 1, slow regeneration
3
a: Device Recharging


You were on level 3 of the Dungeon.
You were very hungry.

You visited 1 branch of the dungeon, and saw 3 of its levels.

You collected 80 gold pieces.

Inventory:

Hand Weapons
 a - a +1 hand crossbow
 b - a +0 hand axe (weapon)
Missiles
 g - 15 bolts
Armour
 d - a +0 scale mail (worn)
Jewellery
 m - a cursed amulet of inaccuracy (around neck)
Wands
 e - a wand of heal wounds (2)
 l - a wand of fireball (5)
Scrolls
 c - a scroll of identify
 n - a scroll of fog
Potions
 i - 2 potions of ambrosia
Comestibles
 f - a bread ration
 h - a slice of pizza
 j - a meat ration
 k - a beef jerky


   Skills:
 + Level 2.3 Fighting
 + Level 0.4 Axes
 * Level 5.3 Crossbows
 + Level 1.3 Armour
 - Level 2.1 Dodging
 - Level 1.2 Stealth
 - Level 1.5 Evocations


You had 3 spell levels left.
You didn't know any spells.

Dungeon Overview and Level Annotations

Branches:
Dungeon (3/15)

Altars:

Annotations:
D:3 Whaleporn's ghost, amateur MiMo


Innate Abilities, Weirdness & Mutations

You are resistant to damage.
You can recharge devices by infusing magical energy.
You passively map a small area around you.
You do not regenerate naturally.


Message History

The bat hits you but does no damage. The hobgoblin closely misses you.
Whaleporn's ghost completely misses you.
MOVING TO (3,5)
You miss Whaleporn's ghost.
Whaleporn's ghost is lightly damaged.
You hit the hobgoblin.
You kill the hobgoblin!
You barely miss the bat. The bat closely misses you. The bat barely misses you.
The bat barely misses you.
Whaleporn's ghost hits you but does no damage.
MOVING TO (3,4)
The bat hits you but does no damage. Whaleporn's ghost hits you!
You see here a mace.
MOVING TO (2,3)
The bat barely misses you. Whaleporn's ghost hits you.
MOVING TO (2,2)
The bat closely misses you. x2
MOVING TO (1,2) Whaleporn's ghost hits you!
You die...

* , ** , ,
* * ,,, * ,
* * ######
*
#.###....#
, , ,
#.....)..#,
*
#####.Wb.#
#..g.# ,
#....# * **
####.# ,
#.# #.###
#...# #...#
#...##
#....#


You could see Whaleporn's ghost and a bat.

Table legend:
 A = Turns spent in this place as a percentage of turns spent in the entire game.
 B = Non-inter-level travel turns spent in this place as a percentage of non-inter-level travel turns spent in the entire game.
 C = Inter-level travel turns spent in this place as a percentage of turns spent in this place.
 D = Turns resting spent in this place as a percentage of non-inter-level travel turns spent in this place.
 E = Turns spent auto-exploring this place as a percentage of non-inter-level travel turns spent in this place.
 F = Non-inter-level travel turns spent in this place divided by the number of levels of this place that you've seen.
                   A       B       C       D       E      F
               +-------+-------+-------+-------+-------+----------------------
         Total | 100.0 | 100.0 |   0.2 |   0.1 |   1.7 | 1247.3
       Dungeon | 100.0 | 100.0 |   0.2 |   0.1 |   1.7 | 1247.3
               +-------+-------+-------+-------+-------+----------------------

Table legend:
 A = Kills in this place as a percentage of kills in entire the game.
 B = Kills by you in this place as a percentage of kills by you in the entire game.
 C = Kills by friends in this place as a percentage of kills by friends in the entire game.
 D = Other kills in this place as a percentage of other kills in the entire game.
 E = Experience gained in this place as a percentage of experience gained in the entire game.
 F = Experience gained in this place divided by the number of levels of this place that you have seen.
                   A       B       C       D       E      F
               +-------+-------+-------+-------+-------+----------------------
         Total | 100.0 | 100.0 |  -nan |  -nan | 100.0 |  35.0
       Dungeon | 100.0 | 100.0 |  -nan |  -nan | 100.0 |  35.0
               +-------+-------+-------+-------+-------+----------------------

Vanquished Creatures
  3 adders
  A worm (D:2)
  A giant gecko (D:1)
  2 orcs (D:3)
  2 ball pythons (D:1)
  3 giant cockroaches
  6 hobgoblins
  6 kobolds
  6 bats
  A giant newt (D:3)
  5 goblins
  2 rats
38 creatures vanquished.

Notes
Turn   | Place    | Note
--------------------------------------------------------------
     0 | D:1      | gw the Deep Dwarf Hunter began the quest for the Orb.
     0 | D:1      | Reached XP level 1. HP: 19/19 MP: 1/1
   327 | D:1      | Reached XP level 2. HP: 24/26 MP: 2/2
   629 | D:1      | Reached skill level 1 in Evocations
  1070 | D:2      | Reached skill level 5 in Crossbows
  1070 | D:2      | Reached XP level 3. HP: 32/32 MP: 2/4
  1421 | D:2      | Reached skill level 1 in Armour
  1696 | D:3      | Noticed Whaleporn's ghost (amateur MiMo)
  1788 | D:3      | Reached XP level 4. HP: 19/39 MP: 5/5
  1911 | D:3      | Slain by Whaleporn's ghost

Action                   |  1- 3 |  4- 6 || total
-------------------------+-------+-------++-------
Melee: Short sword       |    67 |       ||    67
       Hand axe          |    16 |    14 ||    30
 Fire: Hand crossbow     |    45 |       ||    45
Evoke: Wand              |     1 |     3 ||     4
  Use: Potion            |     3 |       ||     3
       Scroll            |     5 |       ||     5
 Stab: Sleeping          |     1 |       ||     1
  Eat: Chunk             |     2 |       ||     2

Vault maps used:
D:1:      lightli_arrival_quake
D:2:      hangedman_abyss_or_decor_stabs
D:3:      minmay_crystal_room
